 Dungeon Crawl Stone Soup version 0.27-a0-1177-g245c70e1c0 (webtiles) character file.

Game seed: 5780453581543297648

296 bande the Shield-Bearer (level 6, -5/39 HPs)
             Began as a Gargoyle Fighter on May 16, 2021.
             Slain by a lemure (6 damage)
             ... led by Pikel
             ... on level 4 of the Dungeon.
             The game lasted 00:05:16 (4576 turns).

bande the Shield-Bearer (Gargoyle Fighter)          Turns: 4576, Time: 00:05:17

Health: -5/39      AC: 13    Str: 20    XL:     6   Next: 35%
Magic:  6/6        EV:  5    Int:  9    God:
Gold:   974        SH:  9    Dex: 10    Spells: 5/5 levels left

rFire    + + .     SeeInvis .   a - +1 war axe
rCold    + . .     Faith    .   c - +0 kite shield
rNeg     + . .     Spirit   .   k - +0 chain mail
rPois    ∞         Reflect  .   (no helmet)
rElec    +         Harm     .   f - scarf {rC+ rF+}
rCorr    .         Rampage  .   (no gloves)
Will     .....                  (no boots)
Stlth    ..........             (no amulet)
HPRegen  0.13/turn              h - ring of protection from fire
MPRegen  0.10/turn              (no ring)

@: no status effects
A: sickness immunity, AC +4, negative energy resistance 1, electricity
resistance, torment resistance 1, petrification resistance
a: no special abilities


You were on level 4 of the Dungeon.
You visited 1 branch of the dungeon, and saw 4 of its levels.

You collected 974 gold pieces.

Inventory:

Hand Weapons
 a - a +1 war axe (weapon)
 m - a +0 flail
Armour
 c - a +0 kite shield (worn)
 f - a scarf of resistance (worn)
 k - a +0 chain mail (worn)
Jewellery
 h - a ring of protection from fire (left hand)
 i - a ring of willpower
 n - a +6 ring of intelligence
Scrolls
 e - a scroll of blinking {unknown}
 g - 2 scrolls of identify
 j - 2 scrolls of fog
Potions
 b - 2 potions of brilliance
 d - a potion of might
 l - a potion of flight


   Skills:
 + Level 4.3 Fighting
 + Level 3.7 Axes
 + Level 4.2 Armour
 + Level 0.6 Dodging
 + Level 4.8 Shields


You had 5 spell levels left.
You didn't know any spells.
Your spell library was empty.

Dungeon Overview and Level Annotations

Branches:
Dungeon (4/15)
 Temple: D:4-7

Altars:
Elyvilon

Annotations:
D:4 Pikel


Innate Abilities, Weirdness & Mutations

You are immune to sickness and miasma.
Your stone body is resilient. (AC +4)
You are immune to poison.
You resist negative energy. (rN+)
You are resistant to electric shocks. (rElec)
You are resistant to unholy torment.
You are immune to petrification.


Message History

You resist. The lemure hits you but does no damage.
You barely miss Pikel.
Pikel is lightly wounded.
You slash the lemure! You barely miss the lemure. You hit the lemure.
The lemure hits you but does no damage. The lemure hits you.
Pikel hits you but does no damage. The lemure hits you.
The lemure barely misses you. You block the lemure's attack.
Unknown command.
You barely miss Pikel.
Pikel is lightly wounded.
You closely miss the lemure. You hit the lemure.
You hit the lemure but do no damage.
Pikel checks his coin pouch and frowns.
You block Pikel's attack.
The lemure hits you but does no damage. x2
The lemure hits you. Pikel hits you but does no damage. The lemure hits you.
* * * LOW HITPOINT WARNING * * *
You hit Pikel.
Pikel is moderately wounded.
You barely miss the lemure. You hit the lemure but do no damage.
Your chain mail prevents you from hitting the lemure.
You block the lemure's attack. x2; Pikel hits you but does no damage.
The lemure hits you but does no damage. The lemure hits you.
* * * LOW HITPOINT WARNING * * *
You block the lemure's attack.
You hit Pikel.
Pikel is heavily wounded.
You hit the lemure. x2; You closely miss the lemure.
Pikel hits you with a +2 whip of electrocution.
* * * LOW HITPOINT WARNING * * *
You block the lemure's attack. x2; The lemure hits you.
* * * LOW HITPOINT WARNING * * *
Pikel hits you with a +2 whip of electrocution.
* * * LOW HITPOINT WARNING * * *
You block the lemure's attack.
You hit Pikel.
Pikel is heavily wounded.
You hit the lemure. You barely miss the lemure. x2
The lemure hits you but does no damage. x2; Pikel hits you but does no damage.
The lemure hits you but does no damage. The lemure hits you.
You die...

#.##.##### #.##.##.#
#.##.# .# #(##.##.#
..##+# ## .# #.##>##.#
### #. .. #.##.##.# #.##
.# #.##.##.# #..##.#
#.##.##.#
####...5.##.####.#...#.#
+....(5K5...............
#.(5@###.######...###
#..#.###.# #..##
#........# #.## ##
##...##### #.# .###+#
#.### #.# #.##.# #.# #.#
##.#.# #.# #.# # #.##.##
#.# #.# # .##...## #.#
#.# #


You could see Pikel and 4 lemures.

Vanquished Creatures
  An ice beast (D:4)
  A scorpion (D:4)
  5 adders
  3 worms
  4 dart slugs
  10 orcs (D:4)
  9 ball pythons
  2 endoplasms
  A giant cockroach (D:2)
  6 goblins
  6 hobgoblins
  7 jackals
  5 quokkas
  A bat (D:1)
  2 frilled lizards
  10 kobolds
  4 rats
77 creatures vanquished.

Notes
Turn   | Place    | Note
-------+----------+-------------------------------------------
     0 | D:1      | bande the Gargoyle Fighter began the quest for the Orb.
     0 | D:1      | Reached XP level 1. HP: 14/14 MP: 1/1
   131 | D:1      | Reached XP level 2. HP: 6/19 MP: 2/2
   774 | D:1      | Reached XP level 3. HP: 20/24 MP: 3/3
  2090 | D:2      | Found a faded altar of an unknown god.
  2729 | D:3      | Reached XP level 4. HP: 29/29 MP: 4/4
  3221 | D:3      | Found a white marble altar of Elyvilon.
  3430 | D:3      | Identified a scroll of acquirement
  3430 | D:3      | Acquired 787 gold pieces
  3998 | D:4      | Noticed a scorpion
  4008 | D:4      | Noticed an ice beast
  4013 | D:4      | Killed a scorpion
  4014 | D:4      | Reached XP level 5. HP: 33/33 MP: 5/5
  4055 | D:4      | Killed an ice beast
  4056 | D:4      | Reached XP level 6. HP: 33/39 MP: 6/6
  4562 | D:4      | Noticed Pikel
  4575 | D:4      | HP: 1/39 [Pikel/+2 whip of electrocution (4)]
  4576 | D:4      | Slain by a lemure

Illustrated notes

Levels and vault maps discovered:
D:1:      kennysheep_arrival_seaside, layout_loops_cross, serial_glass,
          glass_columns_b, glass_columns_a
D:2:      layout_loops_ring, hellmonk_ecumenical_altar_crossroads,
          minmay_misc_feat_roman, wander_ebering_terrifying_dragon_lair
D:3:      layout_loops_corners, old_standard_altar, minmay_distorted
D:4:      layout_loops_corners, cheibrodos_sewer_entry_bend, uniq_pikel

Skill      XL: |  1  2  3  4  5 |
---------------+----------------+-----
Axes           | 2 3 |  3.7
Shields        | 4 |  4.8
Fighting       | 4 |  4.3
Armour         | 4 |  4.2
Dodging        | |  0.6

Action                   |  1- 3 |  4- 6 || total
-------------------------+-------+-------++-------
Melee: War axe           |   118 |   166 ||   284
  Use: Scroll            |     3 |     3 ||     6
       Potion            |     2 |     1 ||     3
Armor: Scale mail        |    50 |       ||    50
       Chain mail        |    19 |   127 ||   146
Dodge: Dodged            |    34 |    40 ||    74
Block: Kite shield       |    81 |   100 ||   181

Table legend: (Time is in decaauts)
 A = Elapsed time spent in this place.
 B = Non-inter-level travel time spent in this place.
 C = Inter-level travel time spent in this place.
 D = Time resting spent in this place.
 E = Time spent auto-exploring this place.
 F = Levels seen in this place.
 G = Mean time per level.
                   A        B        C        D        E       F      G
               +--------+--------+--------+--------+--------+-----+--------+
         Total |   4746 |   4706 |     40 |    775 |   3051 |   4 | 1186.5 |
       Dungeon |   4746 |   4706 |     40 |    775 |   3051 |   4 | 1186.5 |
               +--------+--------+--------+--------+--------+-----+--------+

Top non-repeatable levels by time:
     D:1: 1483 daAuts
     D:3: 1124 daAuts
     D:2: 1124 daAuts
     D:4: 1014 daAuts
